 Dungeon Crawl Stone Soup version 0.27-a0-223-ge082b6e869 (webtiles) character file.

Game seed: 10386402858845614138

125 lunkers the Sneak (level 5, -5/32 HPs)
             Began as a Kobold Brigand on Feb 1, 2021.
             Slain by an ogre
             ... wielding a +0 giant club
              (19 damage)
             ... on level 4 of the Dungeon.
             The game lasted 00:02:35 (3046 turns).

lunkers the Sneak (Kobold Brigand)                  Turns: 3046, Time: 00:02:36

Health: -5/32      AC:  8    Str:  9    XL:     5   Next: 30%
Magic:  5/5        EV: 12    Int: 13    God:
Gold:   245        SH:  0    Dex: 16    Spells: 4/4 levels left

rFire    . . .     SeeInvis .   a - +2 dagger
rCold    . . .     Faith    .   (shield restricted)
rNeg     . . .     Spirit   .   j - +0 ring mail
rPois    +         Reflect  .   s - +0 helmet
rElec    .         Harm     .   c - +0 cloak
rCorr    .         Rampage  .   (no gloves)
Will     .....                  x - +0 pair of boots
Stlth    ++++......             (no amulet)
HPRegen  0.10/turn              h - ring of poison resistance
MPRegen  0.09/turn              (no ring)

@: no status effects
A: small, nightstalker 3
a: no special abilities


You were on level 4 of the Dungeon.
You visited 1 branch of the dungeon, and saw 4 of its levels.

You collected 245 gold pieces.

Inventory:

Hand Weapons
 a - a +2 dagger (weapon)
Missiles
 d - 14 poisoned darts (quivered)
 e - 2 curare-tipped darts {=f}
Armour
 c - a +0 cloak (worn)
 j - a +0 ring mail (worn)
 s - a +0 helmet (worn)
 x - a +0 pair of boots (worn)
Jewellery
 h - a ring of poison resistance (left hand)
Scrolls
 f - 7 scrolls of teleportation {unknown}
 g - 5 scrolls of identify {unknown}
 q - a scroll of immolation {unknown}
 u - a scroll of enchant weapon {unknown}
 v - a scroll of fear {unknown}
 y - a scroll of magic mapping {unknown}
Potions
 b - 2 potions of ambrosia {unknown}
 i - a potion of lignification {unknown}
 k - a potion of flight {unknown}
 l - 2 potions of curing {unknown}
 m - 2 potions of heal wounds {unknown}
 n - a potion of mutation {unknown}
 o - a potion of resistance {unknown}
 p - 2 potions of brilliance {unknown}
 r - a potion of might {unknown}
 t - 2 potions of magic {unknown}
 w - a potion of haste {unknown}
 z - a potion of berserk rage {unknown}


   Skills:
 + Level 3.3 Fighting
 * Level 5.1 Short Blades
 - Level 2.1 Throwing
 - Level 1.2 Dodging
 + Level 6.3 Stealth


You had 4 spell levels left.
You didn't know any spells.
Your spell library was empty.

Dungeon Overview and Level Annotations

Branches:
Dungeon (4/15)
 Temple: D:4-7

Altars:
Dithmenos
Hepliaklqana


Innate Abilities, Weirdness & Mutations

You are small and have problems with some larger weapons.
You are completely attuned to the shadows.


Message History

The ogre is severely wounded.
You hit the ogre but do no damage.
The ogre is severely wounded.
The ogre barely misses you.
You barely miss the ogre.
The ogre is severely wounded.
You hit the ogre.
The ogre is almost dead.
The ogre hits you with a +0 giant club!
* * * LOW HITPOINT WARNING * * *
The ogre looks more healthy.
Throw: 15 darts (poison)
Press: ? - help, Q - select action, (/) - cycle Shift-Dir - straight line, f/p - ogre
Aim: an ogre, wielding a +0 giant club (almost dead, 76% to hit)
You throw a poisoned dart. The poisoned dart hits the ogre.
The ogre is poisoned.
The ogre is almost dead.
The ogre hits you with a +0 giant club!!
Ouch! That really hurt!
You die...

#......)).....#
##......##....#
######......##..).#
#.................#
#.................#
#...##......##....#
#...##......##....#
#...##O...........#
#...#@......##....#
#............######
#....#.......#
#....#########
####.# ###


You could see an ogre (poisoned).

Vanquished Creatures
  An orc priest (D:4)
  2 adders
  A worm (D:3)
  A dart slug (D:1)
  2 leopard geckos
  6 orcs
  10 bats
  3 giant cockroaches (D:1)
  7 goblins
  5 hobgoblins
  4 jackals (D:2)
  6 kobolds
  4 quokkas (D:3)
  A ball python (D:2)
  3 frilled lizards (D:3)
  7 rats
63 creatures vanquished.

Notes
Turn   | Place    | Note
-------+----------+-------------------------------------------
     0 | D:1      | lunkers the Kobold Brigand began the quest for the Orb.
     0 | D:1      | Reached XP level 1. HP: 12/12 MP: 1/1
   342 | D:1      | Reached XP level 2. HP: 18/18 MP: 2/2
   831 | D:1      | Reached XP level 3. HP: 22/22 MP: 3/3
  1931 | D:3      | Reached XP level 4. HP: 27/27 MP: 4/4
  2046 | D:3      | Reached skill level 6 in Stealth
  2636 | D:3      | Found a shadowy altar of Dithmenos.
  2637 | D:3      | Found a hazy altar of Hepliaklqana.
  2637 | D:3      | Noticed a shadow
  2747 | D:4      | Reached skill level 5 in Short Blades
  2747 | D:4      | Reached XP level 5. HP: 9/32 MP: 5/5
  3020 | D:4      | Noticed an ogre
  3046 | D:4      | Slain by an ogre

Illustrated notes

Levels and vault maps discovered:
D:1:      ncdulo_smallfort, layout_basic, minmay_misc_feat_four_crosses,
          minmay_misc_feat_x
D:2:      layout_rooms
D:3:      layout_rooms, riverfiend_overflow_shadow_ancestor
D:4:      layout_gridville, serial_shops, shop, minmay_mini_ossuary

Skill      XL: |  1  2  3  4 |
---------------+-------------+-----
Short Blades   | 3 4 5 |  5.1
Fighting       | 3 |  3.3
Stealth        | 6 |  6.3
Throwing       | |  2.1
Dodging        | |  1.2

Action                   |  1- 3 |  4- 6 || total
-------------------------+-------+-------++-------
Melee: Dagger            |    83 |    98 ||   181
Throw: Dart              |    60 |    73 ||   133
Armor: Ring mail         |    20 |    30 ||    50
Dodge: Dodged            |    47 |    47 ||    94

Table legend: (Time is in decaauts)
 A = Elapsed time spent in this place.
 B = Non-inter-level travel time spent in this place.
 C = Inter-level travel time spent in this place.
 D = Time resting spent in this place.
 E = Time spent auto-exploring this place.
 F = Levels seen in this place.
 G = Mean time per level.
                   A        B        C        D        E       F      G
               +--------+--------+--------+--------+--------+-----+--------+
         Total |   2992 |   2913 |     79 |    224 |   2251 |   4 |  748.0 |
       Dungeon |   2992 |   2913 |     79 |    224 |   2251 |   4 |  748.0 |
               +--------+--------+--------+--------+--------+-----+--------+

Top non-repeatable levels by time:
     D:1: 1040 daAuts
     D:2: 860 daAuts
     D:3: 761 daAuts
     D:4: 329 daAuts
